 Dungeon Crawl Stone Soup version 0.31-a0-716-gc7603755dd (webtiles) character file.

Game seed: 4719747592019224938

1640 cforsyth the Fighter (level 9, -4/71 HPs)
             Began as a Djinni Chaos Knight on Sept 10, 2023.
             Was a Plaything of Xom.
             Slain by a wight
             ... wielding a +0 flail
              (19 damage)
             ... on level 7 of the Dungeon.
             The game lasted 00:09:26 (6113 turns).

cforsyth the Fighter (Djinni Chaos Knight)          Turns: 6113, Time: 00:09:27

Health: -4/71      AC: 13    Str:  9    XL:     9   Next: 18%
Gold:   144        EV: 10    Int: 22    God:    Xom [...*..] SH:  0 Dex: 13

rFire   + + .        a - +0 falchion (chaos)
rCold   x . .        (no shield)
rNeg    . . .        y - +6 ring mail of Insatiable Hunger {Regen+ rCorr MP-9 Str-2}
rPois   ∞            v - +1 hat
rElec   .            (no cloak)
rCorr   +            o - +0 pair of gloves
SInv    +            (boots unavailable)
Will    .....        (no amulet)
Stlth   +            e - ring of see invisible
HPRegen 1.11/turn    l - +6 ring of intelligence
MPRegen 0.00/turn

%: infuse magic (-5 HP)
@: liquefying, flying, studying Polearms, slowed movement, very slow
A: sickness immunity, fire resistance 2, cold vulnerability 1, float, innate
caster, HP casting, extra vitality 1, dopey 1
a: Renounce Religion


You were on level 7 of the Dungeon.
You worshipped Xom.
You were a favourite toy of Xom.
You visited 1 branch of the dungeon, and saw 7 of its levels.

You collected 281 gold pieces.
You spent 137 gold pieces at shops.

Inventory:

Hand Weapons
 a - a +0 falchion of chaos (weapon)
 c - the +7 dagger of the Glimmering Seer {distort, *Noise rElec rN++ Str+3}
   (You found it on level 5 of the Dungeon)

   Str+3:     It affects your strength (+3).
   rElec:     It insulates you from electricity.
   rN++:      It greatly protects you from negative energy.
   *Noise:    It may make a loud noise when swung.
Missiles
 A - a throwing net
Armour
 b - a +2 leather armour
 o - a +0 pair of gloves (worn)
 v - a +1 hat (worn)
 y - the +6 ring mail of Insatiable Hunger (worn) {Regen+ rCorr MP-9 Str-2}
   (You found it on level 5 of the Dungeon)

   Str-2:     It affects your strength (-2).
   MP-9:      It affects your magic capacity (-9).
   Regen+:    It increases your rate of health regeneration.
   rCorr:     It protects you from acid and corrosion.
Jewellery
 e - a ring of see invisible (left hand)
 f - a ring of positive energy
 l - a +6 ring of intelligence (right hand)
Wands
 k - a wand of roots (1)
 x - a wand of polymorph (6)
Scrolls
 d - 2 scrolls of immolation {unknown}
 g - 4 scrolls of blinking
 h - 3 scrolls of teleportation
 m - 2 scrolls of brand weapon {unknown}
 p - a scroll of revelation {unknown}
 q - a scroll of poison {unknown}
 r - 2 scrolls of noise {unknown}
 s - a scroll of vulnerability {unknown}
 u - a scroll of silence {unknown}
 z - 3 scrolls of amnesia {unknown}
 C - a scroll of enchant armour {unknown}
 D - a scroll of torment {unknown}
Potions
 i - 2 potions of attraction
 j - a potion of curing
 n - 2 potions of mutation
 t - 2 potions of cancellation
 w - 2 potions of heal wounds {unknown}
 B - a potion of magic {unknown}


   Skills:
 + Level 8.4 Fighting
 - Level 2.6 Long Blades
 - Level 1.0 Armour
 - Level 2.1 Dodging
 + Level 5.6 Spellcasting
 + Level 5.6 Conjurations
 + Level 5.6 Hexes
   Level 0.0 Charms
 + Level 5.6 Summonings
 + Level 5.6 Necromancy
 + Level 5.6 Translocations
 + Level 5.6 Transmutations
 + Level 5.6 Fire Magic
 + Level 5.6 Ice Magic
 + Level 5.6 Air Magic
 + Level 5.6 Earth Magic
 + Level 5.6 Poison Magic


You knew the following spells:

 Your Spells              Type           Power      Damage    Failure   Level
a - Summon Small Mammal   Summ           100%       N/A       2%          1
b - Wereblood             Tmut           31%        N/A       4%          2
c - Swiftness             Air            31%        N/A       8%          3
d - Petrify               Tmut/Erth      31%        N/A       26%         4
Your spell library was empty.

Dungeon Overview and Level Annotations

Branches:
Dungeon (7/15)
 Temple: D:4-7

Altars:
Ashenzari
Qazlal
Uskayaw
Wu Jian
Xom
Yredelemnul

Shops:
D:4 **


Innate Abilities, Weirdness & Mutations

You are immune to sickness and miasma.
You are immune to poison.
Your flesh is very heat resistant. (rF++)
You are vulnerable to cold. (rC-)
You float through the air rather than walking.
You learn spells naturally, not from books.
Your magical power is your life essence.
You have superior vitality. (+4 MHP)
You are dopey. (Int -2)


Message History

The centaur barely misses you.
The wight becomes momentarily stuck in the liquid earth.
An orc comes into view. It is wielding a +0 flail.
The centaur hits you.
The centaur kicks you but does no damage.
The wight becomes momentarily stuck in the liquid earth.
The orc throws a stone.
The stone closely misses you.
You hit the wight but do no damage.
The wight is severely damaged.
The centaur hits you but does no damage.
The centaur kicks you but does no damage.
The centaur hits you but does no damage.
The centaur kicks you but does no damage.
The wight becomes momentarily stuck in the liquid earth.
You hit the wight but do no damage.
The wight is severely damaged.
The centaur closely misses you.
The centaur kicks you but does no damage.
The wight hits you with a +0 flail!
* * * LOW HITPOINT WARNING * * *
You barely miss the wight.
The wight is severely damaged.
The centaur barely misses you.
The centaur kicks you but does no damage.
The centaur closely misses you.
The centaur kicks you but does no damage.
The wight hits you with a +0 flail!
* * * LOW HITPOINT WARNING * * *
It was a potion of curing.
You feel better. The centaur closely misses you. The centaur barely misses you.
The wight hits you with a +0 flail!
* * * LOW HITPOINT WARNING * * *
An orc comes into view. It is wielding a +0 short sword.
The centaur barely misses you.
The centaur kicks you but does no damage.
You feel better.
The orc shouts!
The centaur hits you but does no damage.
The centaur closely misses you. The wight hits you with a +0 flail!!
You die...
Xom guffaws!

#o# ... ... ..
#.#.. ..#. ##
##o. ..# #_##
..##..#
#....##.....#
#.z@..#..#
#.#.c##.#..#
...........#
.........<...#
........######
........
........
....... #####


You could see a centaur, a wight (strong, resistant) and 2 orcs.

Vanquished Creatures
  A wyvern (D:6)
  A steam dragon (D:6)
  2 centaurs
  2 phantoms
  A bullfrog (D:6)
  A wight (D:7)
  4 hounds
  3 jellies
  An iguana (D:4)
  A scorpion zombie (D:3)
  9 adders
  2 ufetubi
  An adder zombie (D:3)
  A worm (D:2)
  6 dart slugs
  11 orcs
  8 endoplasms
  3 giant cockroaches
  2 goblins
  6 hobgoblins
  4 jackals
  8 kobolds
  6 quokkas
  2 ball pythons
  4 bats
  A frilled lizard (D:1)
  2 rats
93 creatures vanquished.

Vanquished Creatures (collateral kills)
  A golden eye (D:6)
  Edmund (D:5)
  An ogre (D:5)
  A phantom (D:5)
4 creatures vanquished.

Vanquished Creatures (others)
  An iguana (D:7)
1 creature vanquished.

Grand Total: 98 creatures vanquished

Notes
Turn   | Place    | Note
-------+----------+-------------------------------------------
     0 | D:1      | cforsyth the Djinni Chaos Knight began the quest for the
                  | Orb.
     0 | D:1      | Reached XP level 1. HP: 20/20 MP: 0/0
    42 | D:1      | XOM: silly message
    88 | D:1      | Reached XP level 2. HP: 25/25 MP: 0/0
   206 | D:1      | Reached skill level 1 in Spellcasting
   206 | D:1      | Reached skill level 1 in Conjurations
   206 | D:1      | Reached skill level 1 in Hexes
   206 | D:1      | Reached skill level 1 in Summonings
   206 | D:1      | Reached skill level 1 in Necromancy
   206 | D:1      | Reached skill level 1 in Translocations
   206 | D:1      | Reached skill level 1 in Transmutations
   206 | D:1      | Reached skill level 1 in Fire Magic
   206 | D:1      | Reached skill level 1 in Ice Magic
   206 | D:1      | Reached skill level 1 in Air Magic
   206 | D:1      | Reached skill level 1 in Earth Magic
   206 | D:1      | Reached skill level 1 in Poison Magic
   303 | D:1      | Reached XP level 3. HP: 30/30 MP: 0/0
   303 | D:1      | Learned a level 1 spell: Summon Small Mammal
   504 | D:1      | XOM: divination: detect items
   608 | D:1      | XOM: silly message
   880 | D:2      | XOM: chaos upgrade
   981 | D:2      | Reached XP level 4. HP: 36/37 MP: 0/0
  1080 | D:2      | Reached skill level 4 in Fighting
  1120 | D:2      | You are sucked into a shaft and drop 1 floor!
  1273 | D:3      | XOM: smoke on damage
  1384 | D:3      | Found a stormy altar of Qazlal.
  1400 | D:3      | XOM: stat loss: -1 Int (20/21)
  1404 | D:3      | Reached XP level 5. HP: 31/41 MP: 0/0
  1404 | D:3      | Learned a level 2 spell: Wereblood
  1407 | D:3      | XOM: 8-stop teleportation journey
  1574 | D:3      | Found an ornate altar of the Wu Jian Council.
  1817 | D:3      | Found a basalt altar of Yredelemnul.
  1883 | D:3      | XOM: summons 3 hostile demons
  1884 | D:3      | Noticed a soul eater
  1891 | D:3      | XOM: smoke on damage
  2306 | D:4      | XOM: god gift: +1 hat
  2421 | D:4      | XOM: give mutation
  2421 | D:4      | Gained mutation: You are dopey. (Int -2) [Xom's mischief]
  2456 | D:4      | Reached XP level 6. HP: 43/49 MP: 0/0
  2497 | D:4      | Found Latseb's General Store.
  2510 | D:4      | Bought a scroll of teleportation for 33 gold pieces
  2510 | D:4      | Bought a scroll of blinking for 82 gold pieces
  2510 | D:4      | Bought a scroll of identify for 22 gold pieces
  2548 | D:4      | Found Ibrueq's Lightly-Used Armoury.
  2562 | D:4      | XOM: draining
  2973 | D:4      | XOM: stat loss: -1 Dex (12/13)
  2987 | D:4      | Reached skill level 5 in Fighting
  3092 | D:4      | XOM: summons 1 hostile demon
  3093 | D:4      | Noticed a neqoxec
  3763 | D:4      | XOM: stat loss: -1 Dex (12/13)
  3776 | D:4      | XOM: noise
  3834 | D:5      | Entered Level 5 of the Dungeon
  3978 | D:5      | XOM: summons 4 hostile demons
  3979 | D:5      | Noticed a hellwing
  3979 | D:5      | Noticed a soul eater
  4186 | D:5      | Reached XP level 7. HP: 49/54 MP: 0/0
  4186 | D:5      | Learned a level 3 spell: Swiftness
  4213 | D:5      | XOM: summons 7 friendly demons
  4219 | D:5      | Reached skill level 6 in Fighting
  4344 | D:5      | Identified the +6 ring mail of Insatiable Hunger {Regen+
                  | rCorr MP-9 Str-2}
  4359 | D:5      | XOM: 2-stop teleportation journey
  4515 | D:5      | Found a hide-covered altar of Uskayaw.
  4516 | D:5      | Identified the +7 dagger of the Glimmering Seer {distort,
                  | *Noise rElec rN++ Str+3}
  4798 | D:5      | Identified the +3 arbalest of Zurez {antimagic, rElec rPois
                  | rF+ Str+2}
  4925 | D:5      | Noticed Edmund
  4948 | D:5      | XOM: cast spell 'Summon Mana Viper'
  4956 | D:5      | Killed Edmund
  4957 | D:5      | Reached XP level 8. HP: 62/62 MP: 0/0
  5070 | D:6      | Found a broken altar of Ashenzari.
  5070 | D:6      | Identified the +0 scimitar of Experimentation {venom, Fly
                  | Dex+2} (Xom gifted it to you on level 6 of the Dungeon)
  5070 | D:6      | XOM: god gift: +0 scimitar of Experimentation {venom, Fly
                  | Dex+2}
  5182 | D:6      | Noticed a wyvern
  5189 | D:6      | Killed a wyvern
  5190 | D:6      | Reached skill level 7 in Fighting
  5571 | D:6      | XOM: 2-stop teleportation journey
  5611 | D:6      | XOM: confusion (+ monsters)
  5617 | D:6      | Reached skill level 5 in Spellcasting
  5617 | D:6      | Reached skill level 5 in Conjurations
  5617 | D:6      | Reached skill level 5 in Hexes
  5617 | D:6      | Reached skill level 5 in Summonings
  5617 | D:6      | Reached skill level 5 in Necromancy
  5617 | D:6      | Reached skill level 5 in Translocations
  5617 | D:6      | Reached skill level 5 in Transmutations
  5617 | D:6      | Reached skill level 5 in Fire Magic
  5617 | D:6      | Reached skill level 5 in Ice Magic
  5617 | D:6      | Reached skill level 5 in Air Magic
  5617 | D:6      | Reached skill level 5 in Earth Magic
  5617 | D:6      | Reached skill level 5 in Poison Magic
  5755 | D:6      | XOM: polymorph acid dragon -> golden eye
  5764 | D:6      | XOM: summons 6 friendly demons
  5809 | D:6      | XOM: polymorph hound -> jelly
  5817 | D:6      | XOM: summons 5 hostile demons
  5818 | D:6      | XOM: confuse monster(s)
  5858 | D:6      | XOM: enchant monster (bad)
  5871 | D:6      | XOM: enchant monster (good)
  5880 | D:6      | Reached skill level 8 in Fighting
  5880 | D:6      | Reached XP level 9. HP: 70/70 MP: 0/0
  5880 | D:6      | Learned a level 4 spell: Petrify
  5953 | D:6      | XOM: polymorph steam dragon -> wolf
  6002 | D:6      | XOM: silly message
  6010 | D:6      | XOM: divination: magic mapping
  6083 | D:7      | XOM: divine lightning
  6086 | D:7      | XOM: scenery: create altars
  6104 | D:7      | XOM: cast spell 'Leda's Liquefaction'
  6111 | D:7      | HP: 3/71 [wight/+0 flail (11)]
  6113 | D:7      | Slain by a wight

Illustrated notes

Levels and vault maps discovered:
D:1:      dpeg_arrival_stone_temple_mockup, layout_basic
D:2:      layout_basic
D:3:      layout_loops_ring, lemuel_zombie_altar_yredelemnul,
          nicolae_wu_jian_immortal_techniques, mainiacjoe_overflow_boulevard
D:4:      layout_loops_ring, serial_shops, shop, minmay_misc_feat_hallway,
          minmay_shop_damaged
D:5:      layout_cave_pods, nicolae_overflow_crystal_walls, bh_walls_and_bars,
          uniq_edmund
D:6:      layout_basic, chequers_temple_overflow_statue_of_worship,
          chequers_serial_rivers_small_b, minmay_manual_mullet
D:7:      layout_rooms, grunt_temple_overflow_lords_of_destruction,
          lemuel_doored_altar, minmay_temple_entry_ruins

Skill      XL: |  1  2  3  4  5  6  7  8 |
---------------+-------------------------+-----
Spellcasting   | 1 2 3 4 5 |  5.6
Conjurations   | 1 2 3 4 5 |  5.6
Hexes          | 1 2 3 4 5 |  5.6
Summonings     | 1 2 3 4 5 |  5.6
Necromancy     | 1 2 3 4 5 |  5.6
Translocations | 1 2 3 4 5 |  5.6
Transmutations | 1 2 3 4 5 |  5.6
Fire Magic     | 1 2 3 4 5 |  5.6
Ice Magic      | 1 2 3 4 5 |  5.6
Air Magic      | 1 2 3 4 5 |  5.6
Earth Magic    | 1 2 3 4 5 |  5.6
Poison Magic   | 1 2 3 4 5 |  5.6
Fighting       | 4 5 6 8 |  8.4
Long Blades    | |  2.6
Armour         | |  1.0
Dodging        | |  2.1

Action                     |  1- 3 |  4- 6 |  7- 9 || total
---------------------------+-------+-------+-------++-------
  Melee: Falchion          |    91 |   226 |   180 ||   497
         Punch             |     1 |     4 |     1 ||     6
   Cast: Summon Small Mamm |       |       |     3 ||     3
  Evoke: Wand              |       |       |     3 ||     3
    Use: Scroll            |       |     4 |     2 ||     6
         Potion            |       |       |     2 ||     2
   Stab: Confused          |       |     1 |       ||     1
         Petrified         |       |       |     7 ||     7
         Distracted        |       |       |     1 ||     1
 Armour: Leather armour    |    78 |   193 |    32 ||   303
         Ring mail         |       |       |   225 ||   225
  Dodge: Dodged            |    66 |   182 |   167 ||   415

Table legend: (Time is in decaauts)
 A = Elapsed time spent in this place.
 B = Non-inter-level travel time spent in this place.
 C = Inter-level travel time spent in this place.
 D = Time resting spent in this place.
 E = Time spent auto-exploring this place.
 F = Levels seen in this place.
 G = Mean time per level.
                   A        B        C        D        E       F      G
               +--------+--------+--------+--------+--------+-----+--------+
         Total |   6199 |   6085 |    114 |   1106 |   3711 |   7 |  885.6 |
       Dungeon |   6199 |   6085 |    114 |   1106 |   3711 |   7 |  885.6 |
               +--------+--------+--------+--------+--------+-----+--------+

Top non-repeatable levels by time:
     D:3: 1610 daAuts
     D:5: 1243 daAuts
     D:6: 1029 daAuts
     D:4: 853 daAuts
     D:1: 725 daAuts
     D:2: 700 daAuts
     D:7: 38 daAuts
